 Dungeon Crawl Stone Soup version 0.19-a0-1224-g978f909 (webtiles) character file.

1947 LORDOFBUTT the Blocker (level 8, -5/73 HPs)
             Began as a Minotaur Fighter on Aug 24, 2016.
             Was a Believer of Okawaru.
             Killed from afar by Joseph (29 damage)
             ... with a wand of lightning
             ... on level 8 of the Dungeon on Aug 25, 2016.
             The game lasted 00:08:48 (5211 turns).

LORDOFBUTT the Blocker (Minotaur Fighter)           Turns: 5211, Time: 00:08:49

Health: -5/73      AC: 13    Str: 21    XL:     8   Next: 98%
Magic:  7/7        EV:  8    Int:  5    God:    Okawaru [**....]
Gold:   230        SH: 14    Dex: 12    Spells: 0 memorised, 7 levels left

rFire  . . .     SeeInvis .     a - +0 flail
rCold  . . .     Gourm    .     p - +0 chain mail
rNeg   . . .     Faith    .     c - +0 shield
rPois  .         Spirit   .     (helmet restricted)
rElec  .         Dismiss  .     (no cloak)
rCorr  .         Reflect  +     (no gloves)
MR     .....     Harm     .     (no boots)
Stlth  ..........               g - +3 amulet of reflection
                                D - +3 ring of protection
                                H - +2 ring of slaying

@: no status effects
A: retaliatory headbutt, horns 2
a: Heroism, Renounce Religion


You were on level 8 of the Dungeon.
You worshipped Okawaru.
Okawaru was pleased with you.
You were not hungry.

You visited 2 branches of the dungeon, and saw 9 of its levels.
You also visited: Ossuary.

You collected 230 gold pieces.

Inventory:

Hand Weapons
 a - a +0 flail (weapon)
Armour
 c - a +0 shield (worn)
 p - a +0 chain mail (worn)
Jewellery
 g - a +3 amulet of reflection (around neck)
 h - an uncursed ring of positive energy
 n - an uncursed amulet of harm {unknown}
 o - an uncursed ring of stealth
 v - an uncursed ring of ice
 D - a +3 ring of protection (right hand)
 H - a +2 ring of slaying (left hand)
Wands
 b - a wand of confusion (26/48)
 B - a wand of paralysis (8/24)
 C - a wand of paralysis (11/24)
 E - a wand of random effects (13/48)
 N - a wand of digging (11/24)
 Q - a wand of lightning (9/15)
Scrolls
 i - 4 scrolls of remove curse {unknown}
 k - 3 scrolls of enchant armour {unknown}
 l - 4 scrolls of magic mapping {unknown}
 q - a scroll of enchant weapon {unknown}
 r - a scroll of immolation {unknown}
 t - 5 scrolls of fog {unknown}
 u - 2 scrolls of noise {unknown}
 x - a scroll of random uselessness {unknown}
 y - a scroll of recharging {unknown}
 M - a scroll of teleportation {unknown}
Potions
 d - a potion of haste
 e - 5 potions of curing
 m - 4 potions of ambrosia
 s - 2 potions of mutation
 w - 3 potions of agility
 z - 2 potions of heal wounds
 A - a potion of cancellation
 F - a potion of might
 I - a potion of berserk rage
 J - a potion of lignification
 K - a potion of resistance
 L - a potion of magic
Books
 G - a book of Flames

   Spells                             Type                      Level
   a - Flame Tongue                   Conjuration/Fire             1
   b - Throw Flame                    Conjuration/Fire             2
   c - Conjure Flame                  Conjuration/Fire             3
   d - Inner Flame                    Hexes/Fire                   3
   e - Sticky Flame                   Conjuration/Fire             4
   f - Fireball                       Conjuration/Fire             5
Comestibles
 f - 6 bread rations
 O - a slice of pizza
 P - 2 meat rations


   Skills:
 + Level 7.5 Fighting
 + Level 7.1 Maces & Flails
 + Level 7.1 Armour
 + Level 3.4 Dodging
 + Level 8.0 Shields
 + Level 0.1 Evocations


You had 7 spell levels left.
You didn't know any spells.

Dungeon Overview and Level Annotations

Branches:
Dungeon (8/15)             Temple (1/1) D:7
   Lair: D:8-11

Altars:
Ashenzari
Cheibriados
Dithmenos
Elyvilon
Fedhas
Gozag
Hepliaklqana
Kikubaaqudgha
Makhleb
Nemelex Xobeh
Okawaru
Qazlal
Ru
Sif Muna
Trog
Uskayaw
Vehumet
Xom
Yredelemnul
Zin
The Shining One

Shops:
D:5 [

Annotations:
D:8 Joseph


Innate Abilities, Weirdness & Mutations

You reflexively headbutt those who attack you in melee.
You have a pair of horns on your head.


Message History

You hit Joseph. You headbutt Joseph.
Joseph is lightly wounded.
Joseph unwields an uncursed hunting sling.
Joseph wields an uncursed quarterstaff.
Joseph hits you with an uncursed quarterstaff.
You thump Joseph!
Joseph is moderately wounded.
Joseph hits you with an uncursed quarterstaff.
You barely miss Joseph.
Joseph is moderately wounded.
Joseph hits you with an uncursed quarterstaff.
You sock Joseph! You headbutt Joseph, but do no damage.
Joseph is heavily wounded.
Joseph zaps a wand.
The bolt of lightning hits you!
It is a wand of lightning.
Your chain mail prevents you from hitting Joseph.
You headbutt Joseph.
Joseph is heavily wounded.
Joseph sighs, "Being a guard is usually so boring..."
Joseph zaps a wand.
The bolt of lightning hits you!
You die...

##.##
##...##
##.#.#.#
#^...#.#
#..###.#
#.#.<.##
#..####
####(..##
+.@@....#
###.#...#
##....#
###.##
#.# #.#
#.#


You could see Joseph.

Vanquished Creatures
  An ice beast (D:5)
  2 sky beasts
  An orc warrior (D:6)
  The ghost of LORDOFBUTT the Covered, an amateur MiFi of Gozag (D:3)
  2 phantoms
  A centaur (D:5)
  An ogre (D:6)
  A giant frog (D:6)
  4 giant frog zombies
  2 centaur zombies (Ossuary)
  3 crimson imps
  A centaur skeleton (D:6)
  2 orc priests
  A giant frog skeleton (D:6)
  Crazy Yiuf (D:5)
  17 mummies (Ossuary)
  An orc wizard (D:6)
  A killer bee zombie (Ossuary)
  3 hound zombies (Ossuary)
  2 hound skeletons
  A howler monkey zombie (Ossuary)
  2 worker ant zombies (Ossuary)
  3 gnolls (D:2)
  6 adders
  A shadow imp (D:6)
  2 oozes
  2 adder zombies
  An adder skeleton (D:5)
  5 worms
  A dart slug (D:1)
  3 giant geckos
  11 orcs
  3 ball pythons
  4 giant cockroaches
  7 goblins
  4 hobgoblins
  6 jackals
  A quokka (D:7)
  9 bats
  3 giant cockroach zombies (Ossuary)
  A giant gecko skeleton (D:7)
  A giant gecko zombie (Ossuary)
  8 giant newts
  A jackal zombie (Ossuary)
  8 kobolds
  3 quokka zombies
  9 rats
  A rat zombie (D:6)
  A withered plant (Ossuary)
156 creatures vanquished.

Notes
Turn   | Place    | Note
-------+----------+-------------------------------------------
     0 | D:1      | LORDOFBUTT the Minotaur Fighter began the quest for the Orb.
     0 | D:1      | Reached XP level 1. HP: 19/19 MP: 0/0
   275 | D:1      | Reached XP level 2. HP: 22/27 MP: 1/1
   832 | D:2      | Reached XP level 3. HP: 23/33 MP: 2/2
  1165 | D:2      | Found a faded altar of an unknown god.
  1248 | D:2      | Reached XP level 4. HP: 41/41 MP: 3/3
  1330 | D:3      | Noticed LORDOFBUTT's ghost (amateur MiFi)
  1339 | D:3      | Killed LORDOFBUTT's ghost
  1339 | D:3      | Reached skill level 5 in Fighting
  1339 | D:3      | Reached skill level 5 in Armour
  1339 | D:3      | Reached skill level 1 in Dodging
  1339 | D:3      | Reached skill level 4 in Shields
  1339 | D:3      | Reached XP level 5. HP: 39/48 MP: 4/4
  2343 | D:4      | Found a shimmering altar of Xom.
  2344 | D:4      | Found a burning altar of Makhleb.
  2379 | D:5      | Entered Level 5 of the Dungeon
  2407 | D:5      | Found Gede's Antique Armour Shoppe.
  2425 | D:5      | Reached XP level 6. HP: 38/56 MP: 5/5
  2559 | D:5      | Reached skill level 5 in Shields
  2585 | D:5      | Noticed an ice beast
  2596 | D:5      | Killed an ice beast
  2596 | D:5      | Reached XP level 7. HP: 48/63 MP: 6/6
  2681 | D:5      | You fall through a shaft for 2 floors!
  2711 | D:7      | Found a staircase to the Ecumenical Temple.
  2741 | Temple   | Entered the Ecumenical Temple
  2977 | D:6      | Reached skill level 5 in Maces & Flails
  2988 | D:6      | Found an iron altar of Okawaru.
  3025 | D:6      | Became a worshipper of Warmaster Okawaru
  3143 | D:6      | Reached skill level 6 in Shields
  3143 | D:6      | Reached XP level 8. HP: 23/71 MP: 7/7
  3362 | D:6      | Found a sand-covered staircase.
  3379 | Ossuary  | Entered an ossuary
  3410 | Ossuary  | Reached * piety under Okawaru
  3510 | Ossuary  | Reached skill level 7 in Shields
  3794 | Ossuary  | Reached ** piety under Okawaru
  4247 | D:6      | Found a blossoming altar of Fedhas.
  4248 | D:6      | Found an ancient bone altar of Kikubaaqudgha.
  4336 | D:5      | Reached skill level 8 in Shields
  4491 | D:5      | Found a runed door.
  4659 | D:5      | Noticed Crazy Yiuf
  4666 | D:5      | Killed Crazy Yiuf
  5203 | D:8      | Noticed Joseph
  5211 | D:8      | Killed from afar by Joseph

Vault maps used:
D:1:      erik_arrival_cave_to_civilisation
D:2:      ecumenical_altar_1
D:3:      first_bread, minmay_misc_feat_secret_circle
D:4:      grunt_temple_overflow_champion_of_chaos
D:5:      serial_shops, shop_statue, uniq_crazy_yiuf_cottage
D:6:      overflow_temple_1_default, grunt_temple_overflow_growth_and_decay,
          enter_ossuary_4
D:8:      uniq_joseph, uniq_maurice, uniq_grum
Temple:   lightli_temple_of_artemis
Ossuary:  ossuary_zaba_flooded

Skill      XL: |  1  2  3  4  5  6  7  8 |
---------------+-------------------------+-----
Armour         | 4 5 6 7 |  7.1
Fighting       | 4 5 6 7 |  7.5
Maces & Flails | 3 4 5 7 |  7.1
Dodging        | 1 2 3 |  3.4
Shields        | 4 5 6 8 |  8.0
Evocations     | |  0.1

Action                   |  1- 3 |  4- 6 |  7- 9 || total
-------------------------+-------+-------+-------++-------
Melee: Flail             |   116 |   139 |   316 ||   571
       Headbutt          |     8 |    17 |    72 ||    97
Evoke: Wand              |       |       |     3 ||     3
  Use: Potion            |       |     1 |     1 ||     2
       Scroll            |       |       |    14 ||    14
  Eat: Bread ration      |       |     1 |       ||     1
       Pizza             |       |     1 |       ||     1
       Chunk             |       |     1 |       ||     1
       Fruit             |       |       |     3 ||     3
       Meat ration       |       |       |     1 ||     1
Armor: Scale mail        |    23 |       |       ||    23
       Chain mail        |    51 |    57 |    76 ||   184
Dodge: Dodged            |    25 |    30 |    53 ||   108
Block: Shield            |    53 |    77 |   149 ||   279
       Reflection        |       |     1 |     1 ||     2
